 Dungeon Crawl Stone Soup version 0.21.1-1-g345015f (webtiles) character file.

6701 RipGuy the Bludgeoner (level 11, -19/60 HPs)
             Began as a Gargoyle Berserker on Apr 29, 2018.
             Was an Elder of Trog.
             Demolished by an ogre
             ... wielding a +0 giant spiked club
              (21 damage)
             ... on level 8 of the Dungeon.
             The game lasted 00:19:14 (10264 turns).

RipGuy the Bludgeoner (Gargoyle Berserker)         Turns: 10264, Time: 00:19:15

Health: -19/60     AC: 17    Str: 24    XL:     11   Next: 3%
Magic:  11/11      EV:  8    Int:  8    God:    Trog [****..]
Gold:   377        SH:  0    Dex:  9    Spells: 10/10 levels left

rFire    . . .     SeeInvis .   a - +0 mace
rCold    . . .     Gourm    .   (no shield)
rNeg     + . .     Faith    .   i - +1 chain mail
rPois    ∞         Spirit   .   (no helmet)
rElec    +         Reflect  .   (no cloak)
rCorr    .         Harm     .   (no gloves)
MR       .....                  (no boots)
Stlth    ..........             (no amulet)
HPRegen  0.20/turn              (no ring)
MPRegen  0.12/turn              (no ring)

@: about to teleport, berserk cooldown, slowed, very slow
A: negative energy resistance 1, electricity resistance, unbreathing,
petrification resistance, rot immunity, AC +8
a: Berserk, Trog's Hand, Brothers in Arms, Burn Spellbooks, Renounce Religion


You were on level 8 of the Dungeon.
You worshipped Trog.
Trog was greatly pleased with you.
You were not hungry.

You visited 1 branch of the dungeon, and saw 8 of its levels.

You collected 377 gold pieces.

Inventory:

Hand Weapons
 a - a +0 mace (weapon)
Missiles
 l - 241 stones (quivered)
Armour
 b - a +0 animal skin
 g - a +0 ring mail
 i - a +1 chain mail (worn)
Jewellery
 d - an uncursed ring of positive energy {unknown}
 p - an uncursed ring of flight
 C - a cursed ring of loudness
Wands
 k - a wand of random effects (25)
 w - a wand of enslavement (13)
Scrolls
 o - a scroll of fear
 q - a scroll of fog
 s - a scroll of noise
 v - 2 scrolls of enchant weapon
 x - 3 scrolls of remove curse
 y - a scroll of blinking {unknown}
 D - a scroll of immolation {unknown}
 F - a scroll of amnesia {unknown}
Potions
 e - a potion of cancellation {unknown}
 f - 4 potions of curing {unknown}
 h - 2 potions of agility
 j - a potion of invisibility {unknown}
 m - 3 potions of flight {unknown}
 r - 2 potions of brilliance {unknown}
 t - a potion of might {unknown}
 A - a potion of lignification {unknown}
 B - a potion of degeneration {unknown}
 E - a potion of haste {unknown}
Comestibles
 z - 4 rations


   Skills:
 - Level 3.7 Fighting
 * Level 15.5 Maces & Flails
 - Level 2.4 Armour
 - Level 2.1 Dodging
 - Level 0.6 Stealth


You had 10 spell levels left.
You didn't know any spells.

Dungeon Overview and Level Annotations

Branches:
Dungeon (8/15)             Temple (0/1) D:7
   Lair: D:8-11

Altars:
Elyvilon
Makhleb
Okawaru
Qazlal
Sif Muna
Yredelemnul
The Shining One


Innate Abilities, Weirdness & Mutations

You are resistant to torment.
Your stone body is resilient. (AC +8)
You are immune to poison.
You resist negative energy. (rN+)
You are resistant to electric shocks. (rElec)
You can survive without breathing.
You are immune to petrification.
You are immune to rotting.


Message History

You sock the yak!
The yak is severely wounded.
The yak gores you!
* * * LOW HITPOINT WARNING * * *
The yak gores you but does no damage. The yak gores you!
* * * LOW HITPOINT WARNING * * *
The yak gores you but does no damage.
As you read the scroll of teleportation, it crumbles to dust.
You feel strangely unstable. The yak barely misses you.
The yak gores you but does no damage. x2
The yak gores you but does no damage.
Your surroundings suddenly seem different.
An ogre comes into view. It is wielding a giant spiked club.
The ogre shouts!
Found 17 gold pieces.
As you read the scroll of teleportation, it crumbles to dust.
You feel strangely unstable.
The ogre hits you with a giant spiked club!!
You die...

#.........
..........
#.........
.........
.........
#........
#O.......
#@.......
...............
.....###.......
.... #$....#
### ...... ..
..##.# ... ## #
#... #..# ..


You could see an ogre.

Vanquished Creatures
  A hydra (D:8)
  3 two-headed ogres (D:8)
  The ghost of Mirai the Sneak, a novice KoEn (D:4)
  A hippogriff (D:7)
  2 dream sheep (D:8)
  A water moccasin (D:5)
  3 black bears
  A sky beast (D:7)
  4 ice beasts
  An ogre (D:5)
  3 phantoms
  5 centaurs
  3 big kobolds (D:8)
  3 bullfrogs
  A scorpion (D:8)
  4 killer bees (D:8)
  The ghost of Raikon the Skirmisher, a weakling DsAK of Lugonu (D:3)
  3 howler monkeys
  2 crimson imps
  2 bullfrog zombies
  2 bullfrog skeletons (D:8)
  2 hounds
  5 orc wizards
  2 orc priests
  An iguana (D:6)
  10 worker ants
  3 gnolls (D:6)
  10 adders
  3 shadow imps
  An ooze (D:5)
  An adder zombie (D:5)
  7 worms
  A dart slug (D:3)
  7 leopard geckos
  16 orcs
  4 giant cockroaches
  7 goblins
  10 hobgoblins
  6 jackals
  A quokka (D:3)
  8 bats
  4 frilled lizards
  2 jackal skeletons
  9 kobolds
  A leopard gecko skeleton (D:4)
  A quokka skeleton (D:4)
  A quokka zombie (D:5)
  7 rats
177 creatures vanquished.

Vanquished Creatures (others)
  7 plants (D:8)
7 creatures vanquished.

Grand Total: 184 creatures vanquished

Notes
Turn   | Place    | Note
-------+----------+-------------------------------------------
     0 | D:1      | RipGuy the Gargoyle Berserker began the quest for the Orb.
     0 | D:1      | Reached XP level 1. HP: 14/14 MP: 1/1
   432 | D:1      | Reached XP level 2. HP: 12/19 MP: 2/2
  1166 | D:1      | Reached XP level 3. HP: 17/23 MP: 3/3
  1624 | D:2      | Reached XP level 4. HP: 26/29 MP: 4/4
  1657 | D:2      | Reached skill level 4 in Maces & Flails
  1900 | D:2      | Found a stormy altar of Qazlal.
  1901 | D:2      | Found a burning altar of Makhleb.
  1902 | D:2      | Found an iron altar of Okawaru.
  1902 | D:2      | Found a glowing golden altar of the Shining One.
  1903 | D:2      | Found a deep blue altar of Sif Muna.
  2053 | D:2      | Found a white marble altar of Elyvilon.
  2266 | D:2      | Found a basalt altar of Yredelemnul.
  2285 | D:2      | Reached ** piety under Trog
  2714 | D:3      | Reached skill level 5 in Maces & Flails
  2714 | D:3      | Reached XP level 5. HP: 10/33 MP: 5/5
  3506 | D:3      | Noticed Raikon's ghost (weakling DsAK)
  3511 | D:3      | Killed Raikon's ghost
  3511 | D:3      | Reached XP level 6. HP: 38/38 MP: 6/6
  3534 | D:3      | Reached skill level 6 in Maces & Flails
  4182 | D:4      | Reached *** piety under Trog
  4250 | D:4      | Noticed a phantom
  4289 | D:4      | Killed a phantom
  4695 | D:4      | Noticed Mirai's ghost (novice KoEn)
  4706 | D:4      | Killed Mirai's ghost
  4706 | D:4      | Reached skill level 7 in Maces & Flails
  4706 | D:4      | Reached XP level 7. HP: 42/42 MP: 7/7
  4732 | D:4      | Reached skill level 8 in Maces & Flails
  5281 | D:5      | Entered Level 5 of the Dungeon
  5351 | D:5      | Reached XP level 8. HP: 48/48 MP: 8/8
  5407 | D:5      | Reached skill level 9 in Maces & Flails
  5482 | D:5      | Reached skill level 10 in Maces & Flails
  5678 | D:5      | Reached **** piety under Trog
  6167 | D:5      | Reached skill level 11 in Maces & Flails
  6167 | D:5      | Reached XP level 9. HP: 46/52 MP: 9/9
  7472 | D:7      | Found a basalt altar of Yredelemnul.
  7490 | D:7      | Reached skill level 12 in Maces & Flails
  8682 | D:7      | Found a staircase to the Ecumenical Temple.
  9018 | D:8      | Noticed a two-headed ogre
  9028 | D:8      | Killed a two-headed ogre
  9028 | D:8      | Reached skill level 13 in Maces & Flails
  9028 | D:8      | Reached XP level 10. HP: 47/56 MP: 10/10
  9415 | D:8      | Noticed a two-headed ogre
  9427 | D:8      | Killed a two-headed ogre
  9427 | D:8      | Reached skill level 14 in Maces & Flails
  9523 | D:8      | Noticed a two-headed ogre
  9535 | D:8      | Killed a two-headed ogre
 10207 | D:8      | Noticed a three-headed hydra
 10236 | D:8      | Killed a three-headed hydra
 10236 | D:8      | Reached skill level 15 in Maces & Flails
 10245 | D:8      | Reached XP level 11. HP: 39/60 MP: 11/11
 10259 | D:8      | HP: 1/60 [yak (9)]
 10264 | D:8      | Demolished by an ogre

Skill      XL: |  1  2  3  4  5  6  7  8  9 10 |
---------------+-------------------------------+-----
Dodging        | 2 |  2.1
Maces & Flails | 5 7 8 11 13 15 | 15.5
Fighting       | |  3.7
Armour         | |  2.4
Stealth        | |  0.6

Action                   |  1- 3 |  4- 6 |  7- 9 | 10-12 || total
-------------------------+-------+-------+-------+-------++-------
Melee: Mace              |   137 |   267 |   357 |   188 ||   949
Invok: Berserk           |       |     4 |     7 |     4 ||    15
       Burn Spellbooks   |       |     1 |       |       ||     1
  Use: Scroll            |       |     1 |       |    12 ||    13
       Potion            |       |       |       |     1 ||     1
  Eat: Chunk             |     2 |     6 |     6 |     3 ||    17
       Ration            |       |     2 |     5 |     1 ||     8
Armor: Animal skin       |    11 |       |       |       ||    11
       Ring mail         |    39 |       |       |       ||    39
       Chain mail        |    24 |   205 |   265 |   156 ||   650
Dodge: Dodged            |    93 |   143 |   137 |   101 ||   474
